 Dungeon Crawl Stone Soup version 0.28.0 (webtiles) character file.

Game seed: 7152691258598766355

22 KamiKatze the Skirmisher (level 2, 0/19 HPs)
             Began as a Gargoyle Berserker on Feb 16, 2022.
             Was a Follower of Vehumet.
             Killed from afar by Natasha (5 damage)
             ... with a magic dart
             ... on level 2 of the Dungeon.
             The game lasted 00:03:18 (560 turns).

KamiKatze the Skirmisher (Gargoyle Berserker)        Turns: 560, Time: 00:03:18

Health: 0/19       AC: 12    Str: 19 (20) XL:     2   Next: 91%
Magic:  2/2        EV:  7    Int:  6 (7)  God:    Vehumet [*.....]
Gold:   34         SH:  0    Dex:  8 (9)  Spells: 0/1 levels left

rFire   . . .      SeeInvis .   a - +0 hand axe
rCold   . . .      Faith    .   (no shield)
rNeg    + . .      Spirit   .   i - +0 chain mail
rPois   ∞          Reflect  .   h - +0 helmet
rElec   +          Harm     .   (no cloak)
rCorr   .          Rampage  .   (no gloves)
Will    .....                   (no boots)
Stlth   ..........              (no amulet)
HPRegen 0.06/turn               (no ring)
MPRegen 0.08/turn               (no ring)

@: hasted and slowed, invisible
A: sickness immunity, AC +2, negative energy resistance 1, electricity
resistance, torment resistance 1, petrification resistance
a: Renounce Religion


You were on level 2 of the Dungeon.
You worshipped Vehumet.
Vehumet was aware of your devotion.
You visited 1 branch of the dungeon, and saw 3 of its levels.

You collected 34 gold pieces.

Inventory:

Hand Weapons
 a - a +0 hand axe (weapon)
Missiles
 f - 19 stones (quivered)
Armour
 b - a +0 animal skin
 h - a +0 helmet (worn)
 i - a +0 chain mail (worn)
Scrolls
 e - a scroll of identify {unknown}


   Skills:
 + Level 3.5 Fighting
 * Level 3.1 Axes
 + Level 2.5 Armour
 + Level 1.8 Dodging
 * Level 0.0 Spellcasting
 * Level 0.0 Earth Magic


You couldn't memorise any spells.
You knew the following spells:

 Your Spells              Type           Power      Damage    Failure   Level
a - Sandblast             Erth           0%         2d4       99%         1

Your spell library contained the following spells:

 Spells                   Type           Power      Damage    Failure   Level


Dungeon Overview and Level Annotations

Branches:
Dungeon (3/15)

Altars:
Vehumet

Annotations:
D:2 Natasha


Innate Abilities, Weirdness & Mutations

You are immune to sickness and miasma.
Your stone body is resilient. (AC +2)
You are immune to poison.
You resist negative energy. (rN+)
You are resistant to electric shocks. (rElec)
You are resistant to unholy torment.
You are immune to petrification.


Message History

You start putting on your armour.
You continue putting on your +0 chain mail. x5
You finish putting on your +0 chain mail.
Unknown command.
There is a stone staircase leading down here.
You open the door.
There is an open door here.
You open the door.
There is an open door here.
Natasha, Servant of Life and Death comes into view.
Natasha hisses angrily.
Natasha stares at you and mumbles some strange words.
You feel yourself slow down.
Natasha casts a spell.
A bat comes into view.
Found a trident.
Natasha casts a spell at you. The magic dart hits you.
The bat hits you but does no damage. Natasha claws you!
* * * LOW HITPOINT WARNING * * *
The shadow imp hits you but does no damage.
Natasha stares at you and mumbles some strange words.
The magic dart hits you but does no damage.
The shadow imp spits at you. The shadow imp barely misses you.
Unknown command.
It was a potion of haste.
You feel yourself speed up. The bat barely misses you.
Natasha claws you but does no damage.
The shadow imp hits you but does no damage.
The bat hits you but does no damage.
It was a potion of invisibility.
You fade into invisibility!
The bat hits you but does no damage. Natasha closely misses you.
The shadow imp barely misses you.
It was a potion of degeneration.
There was something very wrong with that liquid.
You feel weakened.
You feel dopey.
You feel clumsy. Natasha casts a spell at you. The magic dart hits you.
You die...

.........#
.....)...## #
.........#.#
#.......#.#
#.........#
#.........#
#...5h....#
#....@b.# #.......#
.# ##+##.#.##.##
#.##.#........
######.##.# ##.##.#
#......##'####.##.#
#.###...........#.#
#.........#.#.#....#
#.........#)#.#....#


You could see Natasha, a shadow imp (summoned) and a bat.

Vanquished Creatures
  A white imp (D:3)
  2 dart slugs (D:3)
  2 hobgoblins
  A quokka (D:1)
  3 goblins
  2 kobolds (D:1)
11 creatures vanquished.

Notes
Turn   | Place    | Note
-------+----------+-------------------------------------------
     0 | D:1      | KamiKatze the Gargoyle Berserker began the quest for the
                  | Orb.
     0 | D:1      | Reached XP level 1. HP: 14/14 MP: 1/1
    22 | D:1      | Found a faded altar of an unknown god.
    74 | D:1      | Prayed at the altar of an unknown god.
    74 | D:1      | Fell from the grace of Trog
    74 | D:1      | Became a worshipper of Vehumet
    74 | D:1      | Reached * piety under Vehumet
    74 | D:1      | Offered knowledge of Sandblast by Vehumet.
   176 | D:1      | Reached XP level 2. HP: 12/19 MP: 2/2
   254 | D:3      | Found a radiant altar of Vehumet.
   370 | D:3      | Learned a level 1 spell: Sandblast
   553 | D:2      | Noticed Natasha
   560 | D:2      | Killed from afar by Natasha

Illustrated notes

Levels and vault maps discovered:
D:1:      scummos_arrival_forest, layout_loops_cross,
          hellmonk_ecumenical_altar_lost_god
D:2:      layout_basic, grunt_decor_clamped, uniq_terence, uniq_natasha
D:3:      layout_loops_corners, old_standard_altar,
          chequers_serial_rivers_large_a, kennysheep_generic_room_11

Skill      XL: |  1  2 |
---------------+-------+-----
Axes           | 3 |  3.1
Fighting       | |  3.5
Armour         | |  2.5
Dodging        | |  1.8

Action                   || total
-------------------------++-------
Melee: Hand axe          ||    23
Invok: Berserk           ||     1
  Use: Potion            ||     3
Armor: Animal skin       ||     6
       Chain mail        ||     7
Dodge: Dodged            ||    14
